 Dungeon Crawl Stone Soup version 0.19.0-2-gae57169 (webtiles) character file.

4641 vev the Spear-Bearer (level 10, -1/56 HPs)
             Began as a Tengu Necromancer on Nov 6, 2016.
             Was an Initiate of Sif Muna.
             Slain by a five-headed hydra (9 damage)
             ... on level 9 of the Dungeon.
             The game lasted 00:32:31 (12934 turns).

vev the Spear-Bearer (Tengu Necromancer)           Turns: 12934, Time: 00:32:33

Health: -1/56      AC:  4    Str: 10    XL:     10   Next: 43%
Magic:  12/12      EV: 21    Int: 15    God:    Sif Muna [......]
Gold:   124        SH:  0    Dex: 15    Spells: 3 memorised, 6 levels left

rFire  + . .     SeeInvis .     a - +3 halberd (flame)
rCold  . . .     Gourm    +     J - +0 leather armour {rF+}
rNeg   . . .     Faith    .     (shield currently unavailable)
rPois  .         Spirit   .     (helmet restricted)
rElec  .         Reflect  .     (no cloak)
rCorr  .         Harm     .     S - +0 pair of gloves
MR     +....                    (boots unavailable)
Stlth  ++........               t - amulet of the gourmand
                                D - +4 ring of evasion
                                B - +2 ring of evasion

@: no status effects
A: beak, talons 3, frail 1, low mp 1, magic resistance 1, weak 1, able to fly 1
a: Fly, Renounce Religion


You were on level 9 of the Dungeon.
You worshipped Sif Muna.
Sif Muna was noncommittal.
You were completely stuffed.

You visited 2 branches of the dungeon, and saw 10 of its levels.

You collected 603 gold pieces.
You spent 479 gold pieces at shops.

Inventory:

Hand Weapons
 a - a +3 halberd of flaming (weapon)
 b - a +2 glaive of freezing
 L - a +0 trident
Missiles
 y - a throwing net (quivered)
Armour
 u - a +0 ring mail
 w - a +0 scale mail
 J - a +0 leather armour of fire resistance (worn)
 S - a +0 pair of gloves (worn)
Jewellery
 h - an uncursed ring of see invisible
 t - an amulet of the gourmand (around neck)
 x - an uncursed ring of protection from cold
 B - a +2 ring of evasion (left hand)
 D - a +4 ring of evasion (right hand)
 H - an uncursed ring of protection from cold
Wands
 K - a wand of iceblast (10/15)
 N - a wand of confusion (17/48)
 T - a wand of flame (24/48)
Scrolls
 d - 2 scrolls of recharging {unknown}
 e - a scroll of blinking {unknown}
 g - 2 scrolls of magic mapping {unknown}
 k - 5 scrolls of teleportation
 o - 8 scrolls of remove curse
 s - a scroll of enchant armour {unknown}
 v - a scroll of random uselessness {unknown}
 C - 2 scrolls of immolation {unknown}
 G - a scroll of fear {unknown}
 P - a scroll of noise {unknown}
Potions
 n - 9 potions of curing
 p - a potion of heal wounds
 r - a potion of resistance
 z - 2 potions of ambrosia
 A - 2 potions of brilliance
 E - a potion of cancellation {unknown}
 I - a potion of mutation {unknown}
 M - a potion of berserk rage
 Q - a potion of haste {unknown}
 R - a potion of agility {unknown}
Books
 l - a book of Minor Magic

   Spells                             Type                      Level
   a - Magic Dart                     Conjuration                  1
   b - Blink                          Translocation                2
   c - Call Imp                       Summoning                    2
   d - Repel Missiles                 Charms/Air                   2
   e - Slow                           Hexes                        2
   f - Conjure Flame                  Conjuration/Fire             3
   g - Mephitic Cloud                 Conjuration/Poison/Air       3
 F - a book of Geomancy

   Spells                             Type                      Level
   a - Sandblast                      Earth                        1
   b - Passwall                       Transmutation/Earth          2
   c - Stone Arrow                    Conjuration/Earth            3
   d - Petrify                        Transmutation/Earth          4
   e - Lee's Rapid Deconstruction     Earth                        5
 O - a book of Necromancy

   Spells                             Type                      Level
   a - Pain                           Necromancy                   1
   b - Animate Skeleton               Necromancy                   1
   c - Vampiric Draining              Necromancy                   3
   d - Regeneration                   Charms/Necromancy            3
   e - Animate Dead                   Necromancy                   4
   f - Control Undead                 Necromancy                   4
Comestibles
 c - 6 bread rations
 f - 2 meat rations
 i - 5 chunks of flesh
 j - 4 beef jerkies
 m - 32 fruits
 q - 2 slices of pizza


   Skills:
 + Level 7.5 Fighting
 * Level 12.6 Polearms
 + Level 5.8 Dodging
 - Level 2.0 Stealth
 - Level 2.0 Spellcasting
 - Level 4.3 Necromancy


You had 6 spell levels left.
You knew the following spells:

 Your Spells              Type           Power        Failure   Level  Hunger
a - Pain                  Necr           ##..         8%          1    #......
d - Vampiric Draining     Necr           ##........   17%         3    ###....
r - Regeneration          Chrm/Necr      #.........   38%         3    ###....


Dungeon Overview and Level Annotations

Branches:
Dungeon (9/15)             Temple (1/1) D:4
   Lair: D:8-11         Orc: D:9-12

Altars:
Ashenzari
Cheibriados
Dithmenos
Elyvilon
Fedhas
Gozag
Hepliaklqana
Kikubaaqudgha
Makhleb
Nemelex Xobeh
Okawaru
Qazlal
Ru
Sif Muna
Trog
Uskayaw
Vehumet
Xom
Yredelemnul
Zin
The Shining One

Shops:
D:4 ?   D:8 [((:(


Innate Abilities, Weirdness & Mutations

You have a beak for a mouth.
You have claws for feet.
You can fly.
You are frail. (-10% HP)
Your magical capacity is low. (-10% MP)
You are resistant to hostile enchantments. (MR+)
You are weak. (Str -2)


Message History

The six-headed hydra closely misses you.
Unknown command.
You barely miss the six-headed hydra.
The six-headed hydra is heavily wounded.
Unknown command.
Unknown command.
Unknown command.
You lop one of the six-headed hydra's heads off!
The flame cauterises the wound!
You impale the five-headed hydra!! You burn the five-headed hydra!
The five-headed hydra is almost dead.
The five-headed hydra bites you!
* * * LOW HITPOINT WARNING * * *
The five-headed hydra bites you.
* * * LOW HITPOINT WARNING * * *
The five-headed hydra bites you.
* * * LOW HITPOINT WARNING * * *
The five-headed hydra closely misses you.
The five-headed hydra bites you!
You die...

......... .........
#.......# .........
#.......# .........
#.......# ...# ...######
#.......# ...# ...#
#.#.......#.....# ...#
#.# .....#.....# ...#
#.###+#.D.#.....# ...#
#.....##@##.....# ...#
#...............# ...#
#...#####.......# ...#
#...#...'.......#
...##+###..[#...#.......#
............#...#.......#
............###+#.......#
........................#
........................#


You could see a five-headed hydra.

Vanquished Creatures
  The ghost of Asilar the Charmwright, a novice MfSk of Uskayaw (D:6)
  The ghost of Philosophy the Archer, a novice CeHu (D:5)
  An orc warrior (D:9)
  4 ice beasts
  2 sky beasts
  3 phantoms
  2 ogres
  A black bear (D:7)
  2 big kobolds
  3 bullfrogs
  A gnoll sergeant (D:3)
  10 killer bees
  6 wights
  3 howler monkeys
  2 crimson imps
  A centaur zombie (D:5)
  3 jellies
  An orc priest (D:3)
  5 hounds
  An orc wizard (D:9)
  A bullfrog skeleton (D:8)
  Terence (D:2)
  2 centaur skeletons
  A gnoll shaman (D:3)
  2 iguanas
  6 worker ants
  A killer bee zombie (D:8)
  46 gnolls
  12 adders
  2 shadow imps
  2 oozes
  2 adder skeletons
  4 worms
  5 dart slugs
  11 leopard geckos
  25 orcs
  A ball python (D:2)
  9 bats
  8 giant cockroaches
  10 goblins
  12 hobgoblins
  26 jackals
  4 quokkas
  5 frilled lizards
  A jackal skeleton (D:7)
  A jackal zombie (D:7)
  17 kobolds
  A leopard gecko skeleton (D:9)
  9 rats
280 creatures vanquished.

Vanquished Creatures (others)
  A kobold (D:8)
1 creature vanquished.

Grand Total: 281 creatures vanquished

Notes
Turn   | Place    | Note
-------+----------+-------------------------------------------
     0 | D:1      | vev the Tengu Necromancer began the quest for the Orb.
     0 | D:1      | Reached XP level 1. HP: 10/10 MP: 4/4
    37 | D:1      | Reached skill level 1 in Fighting
   235 | D:1      | Reached XP level 2. HP: 14/16 MP: 3/6
   342 | D:1      | HP: 1/17 [hobgoblin/club (5)]
   758 | D:1      | Reached skill level 2 in Fighting
   969 | D:1      | Reached XP level 3. HP: 10/22 MP: 1/7
  1440 | D:1      | Learned a level 3 spell: Vampiric Draining
  1448 | D:1      | Reached skill level 3 in Fighting
  1936 | D:2      | Reached XP level 4. HP: 18/28 MP: 2/8
  2264 | D:2      | Reached skill level 4 in Fighting
  2520 | D:2      | Learned a level 3 spell: Regeneration
  2883 | D:2      | Gained mutation: You can fly. [Tengu growth]
  2883 | D:2      | Reached XP level 5. HP: 29/34 MP: 9/9
  2894 | D:2      | Noticed Terence
  2904 | D:2      | Killed Terence
  3269 | D:2      | Reached skill level 5 in Fighting
  3520 | D:3      | Reached XP level 6. HP: 40/40 MP: 10/10
  3558 | D:3      | Reached skill level 1 in Polearms
  3591 | D:3      | Found a stormy altar of Qazlal.
  3771 | D:3      | Reached skill level 2 in Polearms
  4262 | D:3      | Reached skill level 3 in Polearms
  4457 | D:3      | Reached skill level 4 in Polearms
  4489 | D:3      | Reached XP level 7. HP: 34/44 MP: 11/11
  4640 | D:3      | Reached skill level 5 in Polearms
  5102 | D:3      | Reached skill level 6 in Polearms
  5858 | D:4      | Reached skill level 7 in Polearms
  5930 | D:4      | Reached XP level 8. HP: 37/50 MP: 12/12
  5992 | D:4      | Found a staircase to the Ecumenical Temple.
  6001 | Temple   | Entered the Ecumenical Temple
  6153 | Temple   | Became a worshipper of Sif Muna the Loreminder
  6482 | D:4      | Found Xomizimiu's Magic Scroll Shop.
  6490 | D:4      | Bought a scroll of identify for 22 gold pieces
  6490 | D:4      | Bought a scroll of enchant weapon for 82 gold pieces
  6498 | D:4      | Bought a scroll of identify for 22 gold pieces
  6498 | D:4      | Bought a scroll of identify for 22 gold pieces
  6564 | D:4      | Reached skill level 8 in Polearms
  6676 | D:4      | Found a deep blue altar of Sif Muna.
  6996 | D:5      | Entered Level 5 of the Dungeon
  7126 | D:5      | Noticed Philosophy's ghost (novice CeHu)
  7499 | D:5      | Killed Philosophy's ghost
  7499 | D:5      | Reached skill level 9 in Polearms
  7725 | D:5      | Reached skill level 10 in Polearms
  7931 | D:6      | Noticed Asilar's ghost (novice MfSk)
  7952 | D:6      | Killed Asilar's ghost
  7952 | D:6      | Reached skill level 11 in Polearms
  7952 | D:6      | Reached XP level 9. HP: 9/54 MP: 9/13
  9108 | D:7      | Reached skill level 3 in Dodging
  9136 | D:7      | Gained mutation: Scrolls take you a little longer to read. [mutagenic meat]
  9137 | D:7      | Gained mutation: You are weak. (Str -2) [mutagenic meat]
  9138 | D:7      | Gained mutation: You are frail. (-10% HP) [mutagenic meat]
  9139 | D:7      | Lost mutation: Scrolls take you a little longer to read. [mutagenic meat]
  9140 | D:7      | Gained mutation: You are resistant to hostile enchantments. (MR+) [mutagenic meat]
  9141 | D:7      | Gained mutation: Your magical capacity is low. (-10% MP) [mutagenic meat]
  9161 | D:7      | Reached skill level 6 in Fighting
  9390 | D:7      | Reached skill level 4 in Dodging
 10461 | D:8      | Found Pouman's Weapon Shoppe.
 10579 | D:8      | Reached XP level 10. HP: 44/54 MP: 12/12
 10744 | D:8      | Found Ynygoapt's Book Shoppe.
 10747 | D:8      | Found Yskusuus's Antique Weapon Boutique.
 10829 | D:8      | Bought a +2 glaive of freezing for 331 gold pieces
 10891 | D:8      | Reached skill level 7 in Fighting
 10891 | D:8      | Reached skill level 12 in Polearms
 10891 | D:8      | Reached skill level 5 in Dodging
 10894 | D:8      | Found Kaut Facu's Weapon Boutique.
 11712 | D:8      | Found Onok Omo's Antique Armour Emporium.
 12925 | D:9      | Noticed a seven-headed hydra
 12934 | D:9      | Slain by a five-headed hydra

Skill      XL: |  1  2  3  4  5  6  7  8  9 10 |
---------------+-------------------------------+-----
Fighting       | 1 2 3 4 5 6 7 |  7.5
Polearms       | 4 7 11 12 | 12.6
Dodging        | 4 5 |  5.8
Stealth        | |  2.0
Spellcasting   | |  2.0
Necromancy     | |  4.3

Action                   |  1- 3 |  4- 6 |  7- 9 | 10-12 || total
-------------------------+-------+-------+-------+-------++-------
Melee: Unarmed           |    11 |       |       |       ||    11
       Kick              |    10 |    23 |    54 |    27 ||   114
       Peck              |     9 |    27 |    46 |    18 ||   100
       Whip              |    35 |    14 |       |       ||    49
       Halberd           |       |   186 |   359 |   142 ||   687
       Glaive            |       |       |       |    30 ||    30
 Cast: Pain              |    53 |    22 |       |       ||    75
       Vampiric Draining |     1 |     2 |       |       ||     3
       Regeneration      |       |       |     1 |       ||     1
 Abil: Fly               |       |       |     6 |     1 ||     7
Evoke: Wand              |       |       |       |     5 ||     5
  Use: Scroll            |       |       |     6 |     1 ||     7
       Potion            |       |       |     1 |     1 ||     2
 Stab: Sleeping          |       |     7 |     6 |     1 ||    14
       Distracted        |       |       |       |     3 ||     3
  Eat: Chunk             |     4 |    30 |    23 |    12 ||    69
Armor: Robe              |     7 |     8 |       |       ||    15
       Ring mail         |       |    56 |    20 |       ||    76
       Leather armour    |       |       |     7 |    19 ||    26
Dodge: Dodged            |    35 |   128 |   167 |   151 ||   481
